Map: Abiogenesis LE

Players

Honda

  • Race: Terran Terran
  • League: Platinum
  • Spawn Location: 11:00

axu - Winner!

  • Race: Protoss Protoss
  • League: Platinum
  • Spawn Location: 5:00

VOD

Have the link to the VOD?

Description

Time

  • Played on: April 11, 2018, 8:52 a.m.
  • Length: 5:21
Show
View Real Time Build Order
Export as new Build Order

Honda Terran 

Build Orders:  

Get SALT Encoding   

  12  0:03  SCV  
  13  0:22  SCV  
  14  0:29  Supply Depot  
  14  0:34  SCV  
  15  0:52  Barracks  
  15  1:10  Engineering Bay  
  15  1:11  SCV  
  16  1:19  Barracks  
  16  1:23  Refinery  
  16  1:35  SCV  
  17  1:46  Supply Depot  
  17  1:53  Marine  
  18  2:06  Marine  
  19  2:09  Bunker  
  19  2:18  Marine  
  19  2:19  Bunker  
  20  2:23  Marine  
  21  2:36  Marine  
  22  2:41  Marine  
  23  2:54  Marine  
  23  2:55  Missile Turret  
  24  2:59  Marine  
  24  3:05  Terran Infantry Weapons Level 1  
  25  3:08  SCV  
  25  3:12  Marine  
  27  3:17  Marine  
  28  3:20  SCV  
  29  3:29  Marine  
  30  3:35  Marine  
  25  3:58  Marine x2  
  24  4:16  Marine x2  
  25  4:33  Marine  
  25  4:34  Marine  
  25  4:36  SCV  
  26  4:49  SCV  
  26  4:51  Marine x2  
  22  5:01  SCV  
Show
View Real Time Build Order
Export as new Build Order

axu Protoss - Winner!

Build Orders:  

Get SALT Encoding   

  12  0:03  Probe  
  13  0:15  Probe  
  14  0:21  Pylon  
  14  0:32  Probe (Chrono Boost)  
  16  0:44  Probe (Chrono Boost)  
  16  0:45  Gateway  
  16  0:57  Assimilator  
  16  1:04  Probe  
  17  1:16  Probe  
  18  1:28  Probe (Chrono Boost)  
  18  1:32  Gateway  
  19  1:34  Cybernetics Core  
  19  1:40  Assimilator  
  19  1:41  Probe (Chrono Boost)  
  20  1:51  Probe (Chrono Boost)  
  20  1:53  Pylon  
  21  2:00  Pylon  
  21  2:14  Stalker (Chrono Boost), Warp Gate  
  25  2:27  Stalker (Chrono Boost)  
  25  2:37  Gateway  
  25  2:39  Gateway  
  25  2:50  Shield Battery  
  25  2:53  Shield Battery  
  25  3:01  Stalker  
  25  3:03  Stalker  
  33  3:37  Stalker x2 (Chrono Boost)  
  33  3:38  Stalker (Chrono Boost)  
  26  4:05  Probe  
  27  4:17  Probe  
  25  4:28  Stalker x3  
  25  4:29  Stalker, Probe  
Tags
 
Add a new tag
Caveats
  • Supply blocks, unpowered buildings, or Contaminate may cause inaccurate times.
  • Supply counts are checked every 10 seconds.